 Dungeon Crawl Stone Soup version 0.31-a0-1499-ge0622b2318 (webtiles) character file.

Game seed: 16455996557808857170

13 dialectric the Charlatan (level 2, 0/25 HPs)
             Began as a Minotaur Wanderer on Dec 29, 2023.
             Succumbed to an adder's poison
             ... on level 2 of the Dungeon.
             The game lasted 00:01:01 (1202 turns).

dialectric the Charlatan (Minotaur Wanderer)        Turns: 1202, Time: 00:01:02

Health: 0/25       AC:  4    Str: 18    XL:     2   Next: 24%
Magic:  1/1        EV: 10    Int:  6    God:
Gold:   45         SH:  4    Dex: 10    Spells: 1/1 levels left

rFire   . . .        a - +0 falchion
rCold   . . .        c - +0 buckler
rNeg    . . .        e - +0 leather armour
rPois   .            (helmet restricted)
rElec   .            (no cloak)
rCorr   .            (no gloves)
SInv    .            i - +0 pair of boots
Will    .....        (no amulet)
Stlth   +            (no ring)
HPRegen 0.24/turn    (no ring)
MPRegen 0.07/turn

%: no passive effects
@: lethally poisoned (0 -> -3)
A: horns 2, retaliatory headbutt
a: no special abilities


You were on level 2 of the Dungeon.
You visited 1 branch of the dungeon, and saw 2 of its levels.

You collected 45 gold pieces.

Inventory:

Hand Weapons
 a - a +0 falchion (weapon)
Armour
 c - a +0 buckler (worn)
 e - a +0 leather armour (worn)
 i - a +0 pair of boots (worn)
Scrolls
 g - 3 scrolls of identify {unknown}
 h - a scroll of fog {unknown}
 j - a scroll of silence {unknown}
 k - a scroll of torment {unknown}
Potions
 d - a potion of might
 f - 2 potions of heal wounds {unknown}
 l - a potion of curing {unknown}
 m - a potion of degeneration {unknown}
 n - a potion of haste {unknown}
Miscellaneous
 b - a phial of floods (quivered)


   Skills:
 + Level 2.7 Fighting
 + Level 2.6 Long Blades
 * Level 1.0 Armour
 + Level 0.3 Dodging
 + Level 1.6 Shields
 + Level 4.5 Evocations


You had one spell level left.
You didn't know any spells.
Your spell library was empty.

Dungeon Overview and Level Annotations

Branches:
Dungeon (2/15)

Altars:


Innate Abilities, Weirdness & Mutations

You have a pair of horns on your head.
You reflexively headbutt those who attack you in melee.


Message History

You are too injured to fight recklessly!
You are too injured to fight recklessly!
You are too injured to fight recklessly!
Unknown command.
You escape the ball python's grasp.
You feel sick.
The ball python attacks as it pursues you!
The ball python barely misses you. x2; The adder bites you but does no damage.
You feel sick.
You barely miss the ball python.
You feel sick.
You hit the adder.
The adder is heavily wounded.
You feel sick.
You are no longer poisoned.
The adder bites you but does no damage. x2
You hit the adder.
The adder is heavily wounded.
You block the adder's attack.
You hit the adder but do no damage.
The adder is heavily wounded.
The adder bites you but does no damage. The adder completely misses you.
You hit the adder but do no damage.
The adder is heavily wounded.
The adder bites you.
* * * LOW HITPOINT WARNING * * *
You closely miss the adder. Your headbutt misses the adder.
The adder is heavily wounded.
The adder bites you but does no damage. The adder bites you.
* * * LOW HITPOINT WARNING * * *
You barely miss the adder. Your headbutt misses the adder.
The adder is heavily wounded.
The adder bites you but does no damage.
You miss the adder. Your headbutt misses the adder.
The adder is heavily wounded.
The adder bites you.
* * * LOW HITPOINT WARNING * * *
You are lethally poisoned!
The adder poisons you! The adder closely misses you.
You slash the adder!
You kill the adder!
You die...

....................
.#......†....#......
####......######...
#....#.# #... ###
#....#.# #... # ..
#....#.# ###. #.( #.
#......# #.
#...##.######.####
## )......S†@....#
..##...#######
#.....[..#
#.......##.#
#>#...#.# .. #
#...... r.. ........
## #.#.. ...
#.#.......


You could see a ball python.

Vanquished Creatures
  An adder (D:2)
  An endoplasm (D:1)
  A giant cockroach (D:1)
  4 quokkas
  4 ball pythons
  2 kobolds
  A rat (D:1)
14 creatures vanquished.

Notes
Turn   | Place    | Note
-------+----------+-------------------------------------------
     0 | D:1      | dialectric the Minotaur Wanderer began the quest for the
                  | Orb.
     0 | D:1      | dialectric set off with the following items: a +0 falchion,
                  | a phial of floods, a +0 buckler, a potion of might, a +0
                  | leather armour.
     0 | D:1      | Reached XP level 1. HP: 18/18 MP: 0/0
   920 | D:2      | Reached XP level 2. HP: 25/25 MP: 1/1
   923 | D:2      | Reached skill level 1 in Armour
  1202 | D:2      | Succumbed to an adder's poison

Illustrated notes

Levels and vault maps discovered:
D:1:      nicolae_arrival_washed_ashore, layout_basic
D:2:      layout_loops_cross

Skill      XL: |  1  2 |
---------------+-------+-----
Armour         | 1 |  1.0
Fighting       | |  2.7
Long Blades    | |  2.6
Dodging        | |  0.3
Shields        | |  1.6
Evocations     | |  4.5

Action                     || total
---------------------------++-------
  Melee: Falchion          ||    38
         Headbutt          ||     2
 Armour: Leather armour    ||    21
  Dodge: Dodged            ||    22
  Block: Buckler           ||    11

Table legend: (Time is in decaauts)
 A = Elapsed time spent in this place.
 B = Non-inter-level travel time spent in this place.
 C = Inter-level travel time spent in this place.
 D = Time resting spent in this place.
 E = Time spent auto-exploring this place.
 F = Levels seen in this place.
 G = Mean time per level.
                   A        B        C        D        E       F      G
               +--------+--------+--------+--------+--------+-----+--------+
         Total |   1209 |   1146 |     63 |      0 |   1005 |   2 |  604.5 |
       Dungeon |   1209 |   1146 |     63 |      0 |   1005 |   2 |  604.5 |
               +--------+--------+--------+--------+--------+-----+--------+

Top non-repeatable levels by time:
     D:1: 920 daAuts
     D:2: 288 daAuts
